 Dungeon Crawl Stone Soup version 0.28.0-45-g0d030f2227 (webtiles) character file.

Game seed: 2859525722288047637

2750 Faeu the Shield-Bearer (level 9, -9/79 HPs)
             Began as a Minotaur Fighter on Apr 3, 2022.
             Was a Follower of Wu Jian.
             Mangled by an orc warrior
             ... wielding a +0 flail of protection
              (17 damage)
             ... on level 8 of the Dungeon on Apr 4, 2022.
             The game lasted 00:42:56 (8856 turns).

Faeu the Shield-Bearer (Minotaur Fighter)           Turns: 8856, Time: 00:42:56

Health: -9/79      AC: 12    Str: 32    XL:     9   Next: 41%
Magic:  8/8        EV: 12    Int:  5    God:    Wu Jian [*.....]
Gold:   250        SH:  6    Dex: 12    Spells: 8/8 levels left

rFire   + . .      SeeInvis .   L - +1 hand axe (venom) {axe}
rCold   . . .      Faith    .   c - +1 buckler
rNeg    . . .      Spirit   .   b - +0 scale mail
rPois   .          Reflect  .   (helmet restricted)
rElec   .          Harm     .   u - +2 cloak
rCorr   .          Rampage  .   (no gloves)
Will    .....      NoCast   +   J - +0 pair of boots "Yniytzei" {-Cast Dex+3}
Stlth   ..........              x - amulet of magic regeneration {@e2}
HPRegen 0.23/turn               H - +6 ring of strength
MPRegen 0.51/turn               F - ring of protection from fire

@: no status effects
A: horns 2, retaliatory headbutt
a: Renounce Religion


You were on level 8 of the Dungeon.
You worshipped Wu Jian.
Wu Jian was aware of your devotion.
You visited 2 branches of the dungeon, and saw 9 of its levels.

You collected 250 gold pieces.


Innate Abilities, Weirdness & Mutations

You have a pair of horns on your head.
You reflexively headbutt those who attack you in melee.


   Skills:
 + Level 7.2 Fighting
 + Level 6.7 Axes
 + Level 5.1 Throwing
 + Level 7.3 Armour
 + Level 5.5 Dodging
 + Level 7.4 Shields


You had 8 spell levels left.
You didn't know any spells.
Your spell library contained the following spells:

 Spells                   Type           Power      Damage    Failure   Level
 Foxfire                  Conj/Fire      0%         2x1d4     77%         1
 Conjure Flame            Conj/Fire      0%         6-21      98%         3
 Inner Flame              Hex/Fire       0%         N/A       98%         3
 Stone Arrow              Conj/Erth      0%         3d7       98%         3
 Animate Armour           Summ/Erth      0%         N/A       100%        4
 Flame Wave               Conj/Fire      0%         2d4       100%        4
 Lehudib's Crystal Spear  Conj/Erth      0%         10d2      100%        8

Inventory:

Hand Weapons
 a - a +0 war axe {axe}
 l - a +2 dagger of chaos {short}
   (You took it off a crimson imp on level 3 of the Dungeon)
 v - a +0 mace of holy wrath {mace}
   (You found it on level 3 of the Dungeon)
 w - a +3 quarterstaff of chaos {staff}
   (You took it off Crazy Yiuf on level 3 of the Dungeon)
 B - a +1 vorpal shortbow {bow}
   (You took it off a centaur on level 5 of the Dungeon)
 I - a +0 whip of electrocution {mace}
   (You found it on level 4 of the Dungeon)
 L - a +1 hand axe of venom (weapon) {axe}
   (You took it off an orc on level 7 of the Dungeon)
Missiles
 q - 19 poisoned darts (quivered) {throwing}
 C - 126 arrows
 D - 3 javelins {throwing}
Armour
 b - a +0 scale mail (worn)
 c - a +1 buckler (worn)
 g - a +2 robe of positive energy
   (You took it off Dowan on level 5 of the Dungeon)
 u - a +2 cloak (worn)
   (You found it on level 3 of the Dungeon)
 J - the +0 pair of boots "Yniytzei" (worn) {-Cast Dex+3}
   (You found it on level 4 of the Dungeon)

   Dex:       It affects your dexterity (+3).
   -Cast:     It prevents spellcasting.
 K - +0 steam dragon scales
   (You took it off Maggie on level 6 of the Dungeon)
Jewellery
 j - a ring of see invisible
   (You found it on level 3 of the Dungeon)
 o - a ring of positive energy
   (You found it on level 3 of the Dungeon)
 x - an amulet of magic regeneration (around neck) {@e2}
   (You found it on level 4 of the Dungeon)
 y - a ring of ice
   (You found it on level 4 of the Dungeon)
 F - a ring of protection from fire (right hand)
   (You found it on level 4 of the Dungeon)
 H - a +6 ring of strength (left hand)
   (You found it on level 6 of the Dungeon)
Wands
 A - a wand of digging (4)
   (You found it on level 5 of the Dungeon)
 O - a wand of acid (6)
   (You found it on level 7 of the Dungeon)
Scrolls
 f - a scroll of amnesia {unknown}
 h - a scroll of fog
 i - 2 scrolls of identify {@r1}
 k - 2 scrolls of noise {!r}
 n - a scroll of silence {unknown}
 r - a scroll of fear {unknown}
 E - a scroll of torment {unknown}
 G - a scroll of enchant weapon {unknown}
Potions
 d - 3 potions of might
 e - a potion of brilliance {unknown}
 m - 4 potions of curing {@q1}
 p - a potion of attraction {unknown}
 s - 3 potions of lignification {unknown}
 t - 2 potions of haste {unknown}
 z - 2 potions of ambrosia {unknown}
 M - a potion of flight {unknown}
 N - a potion of degeneration {unknown}

Dungeon Overview and Level Annotations

Branches:
Dungeon (8/15)             Temple (1/1) D:6
   Lair: D:8-11

Altars:
Ashenzari
Cheibriados
Dithmenos
Elyvilon
Fedhas
Gozag
Nemelex Xobeh
Ru
Uskayaw
Wu Jian
Xom
Yredelemnul
Zin
Lugonu

Shops:
D:5 [

Annotations:
D:6 3 runed translucent doors, doomsgape's ghost, novice TrFi
D:7 1 runed translucent door

#.# #.# #
#.# .#
#.# #.#
......#
#.#...###
#.o......
#@# #.#
#.# #.#
... ...
... ....#


You could see an orc warrior (very poisoned).


Message History

You hit the centaur zombie. You headbutt the centaur zombie!
You block the centaur zombie's attack.
The centaur zombie completely misses you.
You block the centaur zombie's attack.
The centaur zombie closely misses you. 😎 HP[+1]
You hit the centaur zombie. You block the centaur zombie's attack.
The centaur zombie barely misses you.
You hit the centaur zombie.
Your headbutt misses the centaur zombie.
You block the centaur zombie's attack. The centaur zombie barely misses you.
You slash the centaur zombie! You headbutt the centaur zombie.
You destroy the centaur zombie!
The Council accepts your kill.
There is an open door here.
An orc priest comes into view. It is wielding a +0 short sword.
The orc priest shouts!
You hear a shout!
The orc priest casts a cantrip, but nothing happens.
An orc warrior comes into view.
It is wielding a +0 flail of protection.
You hear a shout!
An orc comes into view. It is wielding a +0 short sword.
The orc shouts!
The orc moves out of view.
A troll comes into view.
The troll moves out of view.
The orc priest calls down the wrath of Beogh upon you.
Pain shoots through your body! 😕 HP[-11]
You take 11 damage, and now have 68/79 hp.
The troll shouts!
The orc priest invokes the aid of Beogh against you.
Beogh smites you!
The orc warrior shouts! 😮 HP[-12]
You take 12 damage, and now have 56/79 hp.
You hit the orc priest.
The orc priest is poisoned.
You hear a shout!
The orc priest misses you.
You slash the orc priest!
The orc priest looks as sick as possible!
The orc priest invokes the aid of Beogh against you.
Pain shoots through your body! 😮 HP[-8]
You take 8 damage, and now have 48/79 hp.
You closely miss the orc priest.
You kill the orc priest!
The Council accepts your kill. 😮 HP[+1]
The troll closely misses you. The troll claws you.
You block the troll's attack. 😮 HP[-4]
You take 4 damage, and now have 45/79 hp.
You hit the troll but do no damage.
The troll is poisoned.
You block the troll's attack.
The troll claws you but does no damage. x2
You hit the troll. You headbutt the troll! You block the troll's attack.
The troll claws you. The troll barely misses you.
You completely miss the troll. You closely miss the orc warrior.
The orc warrior hits you but does no damage.
The troll bites you. The troll claws you!
* * * LOW HITPOINT WARNING * * *
The troll claws you but does no damage. 😨 HP[-12]
You take 12 damage, and now have 33/79 hp.
You hit the troll.
The troll looks as sick as possible!
You headbutt the troll.
You hit the orc warrior but do no damage.
The orc warrior is poisoned.
The orc warrior hits you with a +0 flail of protection!
* * * LOW HITPOINT WARNING * * *
The troll bites you!
* * * LOW HITPOINT WARNING * * *
The troll claws you.
* * * LOW HITPOINT WARNING * * *
The troll barely misses you. 😱 HP[-24]
You take 24 damage, and now have 9/79 hp.
MASSIVE DAMAGE!! (PAUSE) 😱 HP[+1] 😱 HP[+1]
A cyclops comes into view.
The cyclops shouts!
The cyclops throws a large rock.
The large rock hits you.
* * * LOW HITPOINT WARNING * * *
😱 HP[-6]
You take 6 damage, and now have 5/79 hp.
As you read the scroll of fog, it crumbles to dust.
The scroll dissolves into smoke.
The orc warrior barely misses you. You furiously retaliate!
You headbutt the orc warrior!
You spin and attack the cyclops.
You hit the cyclops.
You spin and attack the cyclops.
You hit the cyclops.
The cyclops is poisoned.
You headbutt the cyclops! The cyclops barely misses you. 😱 HP[+1]
The orc warrior looks more healthy. 😱 HP[+1]
There is an escape hatch in the floor here.
The orc warrior hits you but does no damage.
You slide downwards.
The hatch slams shut behind you. 😱 HP[+1]
You hit the orc warrior but do no damage.
The orc warrior is poisoned.
The orc warrior hits you with a +0 flail of protection!
You die...

Skill      XL: |  1  2  3  4  5  6  7  8  9 |
---------------+----------------------------+-----
Dodging        | 1 2 3 4 5 |  5.5
Armour         | 4 5 6 7 |  7.3
Throwing       | 1 2 3 4 5 |  5.1
Fighting       | 4 5 6 7 |  7.2
Shields        | 4 5 7 |  7.4
Axes           | 3 4 5 6 |  6.7

Action                   |  1- 3 |  4- 6 |  7- 9 || total
-------------------------+-------+-------+-------++-------
Melee: War axe           |    98 |   160 |   197 ||   455
       Headbutt          |    12 |    27 |    45 ||    84
       Hand axe          |       |       |    23 ||    23
Throw: Dart              |       |       |    16 ||    16
Invok: Lunge             |       |       |    11 ||    11
       Whirlwind         |       |       |     2 ||     2
  Use: Scroll            |       |     2 |     6 ||     8
Armor: Scale mail        |    47 |    88 |    83 ||   218
Dodge: Dodged            |    39 |    88 |    97 ||   224
Block: Buckler           |    20 |    33 |    73 ||   126

Levels and vault maps discovered:
D:1:      minmay_arrival_stone_box, layout_loops_cross,
          ebering_ecumenical_altar_rust
D:2:      kennysheep_the_goblin_king, layout_basic
D:3:      layout_rooms, led_xom_imps, elyvilon_altar_5, uniq_natasha,
          uniq_robin, uniq_crazy_yiuf_cottage
D:4:      layout_rooms, supply_closet_lemuel, uniq_duvessa
D:5:      layout_loops_cross, pdpol_temple_overflow_zin_treasury_gozag_greed,
          amcnicky_altar_gilded, cheibriados_altar_1, serial_shops,
          nicolae_shop_temple_entry_statues_fountains, chequers_big_river
D:6:      layout_basic, marbit_many_paths, mainiacjoe_overflow_chevrons,
          lemuel_coloured_pillars_altar, minmay_temple_entry_stoned_glass,
          gammafunk_ghost_icy, minmay_misc_feat_roman, minivault_24,
          uniq_sigmund, uniq_maggie
D:7:      cheibrodos_shockbox, layout_basic, nicolae_sif_muna_little_library,
          mainiacjoe_overflow_24_doors, corexii_corridor_pit,
          minmay_misc_feat_plants, minmay_chambers_of_fives
D:8:      layout_loops_corners, mainiacjoe_overflow_alcove_4,
          nicolae_tso_carved_into_rock, mainiacjoe_overflow_cross_hatched,
          kennysheep_small_circle
Temple:   corrupted_temple

Notes
Turn   | Place    | Note
-------+----------+-------------------------------------------
     0 | D:1      | Faeu the Minotaur Fighter began the quest for the Orb.
     0 | D:1      | Reached XP level 1. HP: 19/19 MP: 0/0
     0 | D:1      | magus.rc [v1.9.6]
    35 | D:1      | Reached XP level 2. HP: 15/27 MP: 1/1
   246 | D:1      | You pick up a book of Armaments and begin reading...
   246 | D:1      | You add the spells Stone Arrow, Animate Armour and
                  | Lehudib's Crystal Spear to your library.
   445 | D:1      | Found a faded altar of an unknown god.
   473 | D:1      | Reached skill level 1 in Dodging
   575 | D:1      | Reached XP level 3. HP: 32/33 MP: 2/2
   597 | D:1      | Reached skill level 4 in Armour
   721 | D:1      | Reached skill level 1 in Throwing
  1037 | D:2      | Reached skill level 4 in Fighting
  1040 | D:2      | Reached skill level 4 in Shields
  1043 | D:2      | Reached skill level 3 in Axes
  1416 | D:2      | Reached XP level 4. HP: 40/40 MP: 3/3
  1852 | D:3      | Found a shimmering altar of Xom.
  1882 | D:3      | HP: 10/40 [poisoned by a crimson imp]
  2156 | D:3      | Reached XP level 5. HP: 21/47 MP: 4/4
  2361 | D:3      | Reached skill level 2 in Dodging
  2381 | D:3      | Noticed Natasha
  2383 | D:3      | Noticed a phantom
  2392 | D:3      | Reached skill level 2 in Throwing
  2395 | D:3      | Killed Natasha
  2614 | D:2      | Reached XP level 6. HP: 33/53 MP: 5/5
  2748 | D:3      | Noticed Natasha
  2750 | D:3      | Noticed Robin
  2843 | D:3      | Killed Robin
  2846 | D:2      | Killed Natasha
  3089 | D:3      | Reached skill level 4 in Axes
  3089 | D:3      | Reached skill level 5 in Armour
  3176 | D:3      | Found a white marble altar of Elyvilon.
  3437 | D:3      | Found a runed translucent door.
  3438 | D:3      | Noticed Crazy Yiuf
  3579 | D:3      | Killed Crazy Yiuf
  3580 | D:3      | Reached skill level 5 in Shields
  3857 | D:4      | Noticed Dowan
  3858 | D:4      | Noticed Duvessa
  3877 | D:5      | Entered Level 5 of the Dungeon
  3882 | D:5      | Found an ornate altar of the Wu Jian Council.
  3942 | D:5      | Noticed a sky beast
  3952 | D:5      | Reached skill level 5 in Fighting
  3957 | D:5      | Killed a sky beast
  3958 | D:5      | Reached skill level 3 in Dodging
  3958 | D:5      | Reached XP level 7. HP: 49/61 MP: 6/6
  4016 | D:5      | Became a worshipper of the Wu Jian Council
  4050 | D:5      | Found a glowing silver altar of Zin.
  4128 | D:5      | Found an opulent altar of Gozag.
  4166 | D:5      | Found Plog's Armour Boutique.
  4190 | D:5      | Reached skill level 3 in Throwing
  4251 | D:5      | Noticed a shadow
  4258 | D:5      | Killed a shadow
  4616 | D:5      | Reached skill level 5 in Axes
  4616 | D:5      | Reached XP level 8. HP: 29/70 MP: 7/7
  4877 | D:5      | HP: 17/70 [orc warrior/+0 dire flail (7)]
  5272 | D:5      | Found a snail-covered altar of Cheibriados.
  5299 | D:5      | Reached skill level 6 in Shields
  5360 | D:5      | Reached skill level 6 in Fighting
  5360 | D:5      | Reached skill level 6 in Armour
  5360 | D:5      | Reached skill level 4 in Dodging
  5910 | D:5      | Killed Duvessa
  5915 | D:5      | Killed Dowan
  6128 | D:4      | Reached skill level 4 in Throwing
  6229 | D:4      | Identified the +0 pair of boots "Yniytzei" {-Cast Dex+3}
  6271 | D:4      | You pick up a book of Flames and begin reading...
  6271 | D:4      | You add the spells Foxfire, Conjure Flame, Inner Flame and
                  | Flame Wave to your library.
  6521 | D:6      | Found a staircase to the Ecumenical Temple.
  6788 | D:6      | Found a blossoming altar of Fedhas.
  6824 | D:6      | Reached * piety under Wu Jian
  6825 | D:6      | Reached skill level 6 in Axes
  6853 | D:6      | Noticed Sigmund
  6880 | Temple   | Entered the Ecumenical Temple
  6902 | D:6      | Killed Sigmund
  6903 | D:6      | Reached skill level 7 in Shields
  6903 | D:6      | Reached XP level 9. HP: 69/78 MP: 8/8
  7117 | D:6      | Found a runed translucent gate.
  7119 | D:6      | Found a runed translucent gate.
  7120 | D:6      | Found a runed translucent gate.
  7168 | D:6      | Reached skill level 5 in Dodging
  7404 | D:6      | Found a shadowy altar of Dithmenos.
  7522 | D:6      | Noticed Maggie
  7528 | D:6      | Reached skill level 7 in Armour
  7539 | D:6      | HP: 19/78 [Maggie/+0 glaive (12)]
  7543 | D:6      | Killed Maggie
  7544 | D:6      | Reached skill level 7 in Fighting
  7846 | D:6      | Found a hide-covered altar of Uskayaw.
  7895 | D:6      | Noticed doomsgape's ghost (novice TrFi)
  8242 | D:7      | Reached skill level 5 in Throwing
  8358 | D:7      | Found a runed translucent door.
  8359 | D:7      | Noticed a sixfirhy
  8771 | D:7      | Found a sacrificial altar of Ru.
  8824 | D:7      | Noticed a troll
  8835 | D:7      | HP: 13/79 [troll (7)]
  8843 | D:7      | Noticed a cyclops
  8843 | D:7      | HP: 5/79 [cyclops/large rock (6)]
  8856 | D:8      | Mangled by an orc warrior

Vanquished Creatures
  Maggie (D:6)
  Sigmund (D:6)
  A shadow (D:5)
  An acid dragon (D:7)
  Duvessa (D:5)
  2 orc warriors
  2 ice beasts
  A sky beast (D:5)
  A necrophage (D:4)
  An ogre (D:6)
  2 phantoms
  A centaur (D:5)
  A bullfrog (D:6)
  A water moccasin zombie (D:6)
  Dowan (D:5)
  A wight (D:6)
  A howler monkey (D:7)
  4 crimson imps (D:3)
  4 centaur zombies
  4 orc priests
  Crazy Yiuf (D:3)
  2 hounds
  A scorpion zombie (D:5)
  Natasha (twice) (D:3 D:2)
  4 orc wizards
  Robin (D:3)
  3 gnolls (D:5)
  2 howler monkey skeletons
  4 adders
  2 adder skeletons
  2 worms (D:2)
  3 dart slugs
  14 orcs
  3 ball pythons (D:1)
  5 bats
  8 endoplasms
  7 giant cockroaches
  18 goblins
  14 hobgoblins
  4 jackals (D:2)
  3 quokkas
  5 frilled lizards
  12 kobolds
  4 rats
156 creatures vanquished.

Vanquished Creatures (others)
  11 plants (D:5)
11 creatures vanquished.

Grand Total: 167 creatures vanquished

Table legend:
 A = Non-vault XP
 B = Vault XP
 C = Vault XP percentage of total XP
 D = Non-vault monster count
 E = Vault monster count
 F = Vault count percentage of total count
                 A         B        C        D         E       F
            +---------+---------+-------+---------+---------+-------
      Total |    2759 |    1170 |  29.8 |     127 |      29 |  18.6
            +---------+---------+-------+---------+---------+-------
        D:1 |      52 |       0 |   0.0 |      27 |       0 |   0.0
        D:2 |     106 |      20 |  15.9 |      22 |      10 |  31.2
        D:3 |     156 |     301 |  65.9 |      18 |      14 |  43.8
        D:4 |     186 |       0 |   0.0 |      13 |       0 |   0.0
        D:5 |    1029 |     205 |  16.6 |      19 |       2 |   9.5
        D:6 |     801 |     644 |  44.6 |      14 |       3 |  17.6
        D:7 |     429 |       0 |   0.0 |      14 |       0 |   0.0
            +---------+---------+-------+---------+---------+-------

Illustrated notes

Table legend:
 A = Kills in this place as a percentage of kills in entire the game.
 B = Kills by you in this place as a percentage of kills by you in the entire game.
 C = Kills by friends in this place as a percentage of kills by friends in the entire game.
 D = Other kills in this place as a percentage of other kills in the entire game.
 E = Experience gained in this place as a percentage of experience gained in the entire game.
 F = Experience gained in this place divided by the number of levels of this place that you have seen.
                   A       B       C       D       E      F
               +-------+-------+-------+-------+-------+----------------------
         Total | 100.0 | 100.0 |   N/A |   N/A | 100.0 | 436.6
       Dungeon | 100.0 | 100.0 |   N/A |   N/A | 100.0 | 491.1
               +-------+-------+-------+-------+-------+----------------------

Table legend: (Time is in decaauts)
 A = Elapsed time spent in this place.
 B = Non-inter-level travel time spent in this place.
 C = Inter-level travel time spent in this place.
 D = Time resting spent in this place.
 E = Time spent auto-exploring this place.
 F = Levels seen in this place.
 G = Mean time per level.
                   A        B        C        D        E       F      G
               +--------+--------+--------+--------+--------+-----+--------+
         Total |   9038 |   8704 |    334 |   2701 |   2460 |   9 | 1004.2 |
       Dungeon |   9025 |   8691 |    334 |   2701 |   2460 |   8 | 1128.1 |
        Temple |     13 |     13 |      0 |      0 |      0 |   1 |   13.0 |
               +--------+--------+--------+--------+--------+-----+--------+

Top non-repeatable levels by time:
     D:5: 2195 daAuts
     D:2: 1896 daAuts
     D:6: 1718 daAuts
     D:1: 1028 daAuts
     D:3: 981 daAuts
     D:7: 641 daAuts
     D:4: 563 daAuts
  Temple: 13 daAuts
     D:8: 0 daAuts
